 Dungeon Crawl Stone Soup version 0.21-a0-630-g344d351 (webtiles) character file.

1154 slep the Carver (level 8, 0/67 HPs)
             Began as a Minotaur Gladiator on Dec 25, 2017.
             Slain by a troll (8 damage)
             ... on level 6 of the Dungeon.
             The game lasted 00:15:02 (4886 turns).

slep the Carver (Minotaur Gladiator)                Turns: 4886, Time: 00:15:03

Health: 0/67       AC:  4    Str: 18    XL:     8   Next: 16%
Magic:  7/7        EV: 15    Int:  5    God:
Gold:   407        SH:  0    Dex: 15    Spells: 7/7 levels left

rFire    + . .     SeeInvis .   a - +0 long sword
rCold    . . .     Gourm    +   (no shield)
rNeg     . . .     Faith    .   y - +1 leather armour {rF+}
rPois    .         Spirit   .   c - +0 hat
rElec    .         Reflect  .   (no cloak)
rCorr    +         Harm     .   (no gloves)
MR       .....                  (no boots)
Stlth    ++........             l - amulet of the gourmand
HPRegen  0.21/turn              t - ring of resist corrosion
MPRegen  0.10/turn              C - ring of wizardry

@: hasted, very quick
A: retaliatory headbutt, horns 2
a: no special abilities


You were on level 6 of the Dungeon.
You were not hungry.

You visited 1 branch of the dungeon, and saw 7 of its levels.

You collected 407 gold pieces.

Inventory:

Hand Weapons
 a - a +0 long sword (weapon)
Missiles
 d - 3 throwing nets (quivered)
 h - 4 curare-tipped needles
 u - 16 sling bullets
 x - 13 poisoned needles
 B - 3 tomahawks
Armour
 b - a +0 leather armour
 c - a +0 hat (worn)
 y - a +1 leather armour of fire resistance (worn)
Jewellery
 l - an amulet of the gourmand (around neck)
 t - a ring of resist corrosion (left hand)
 C - a ring of wizardry (right hand)
 E - an uncursed amulet of magic regeneration
Scrolls
 g - 5 scrolls of identify {unknown}
 j - 5 scrolls of remove curse {unknown}
 k - a scroll of random uselessness {unknown}
 m - a scroll of teleportation {unknown}
 o - a scroll of enchant armour {unknown}
 s - 3 scrolls of enchant weapon {unknown}
 w - a scroll of immolation {unknown}
 A - a scroll of brand weapon {unknown}
 D - a scroll of vulnerability {unknown}
Potions
 e - 3 potions of flight {unknown}
 i - 5 potions of curing
 n - a potion of berserk rage {unknown}
 p - a potion of haste
 q - a potion of degeneration {unknown}
 r - a potion of might {unknown}
 v - a potion of mutation {unknown}
Books
 z - a book of Changes

   Spells                             Type                      Level
   a - Beastly Appendage              Transmutation                1
   b - Sticks to Snakes               Transmutation                2
   c - Spider Form                    Transmutation/Poison         3
   d - Ice Form                       Ice/Transmutation            4
   e - Blade Hands                    Transmutation                5
Comestibles
 f - 10 rations
 F - 4 chunks of flesh


   Skills:
 + Level 4.5 Fighting
 + Level 8.7 Long Blades
 + Level 2.4 Throwing
 + Level 4.3 Armour
 + Level 5.3 Dodging
 + Level 2.1 Stealth


You had 7 spell levels left.
You didn't know any spells.

Dungeon Overview and Level Annotations

Branches:
Dungeon (7/15)
 Temple: D:4-7

Altars:
Ashenzari
Dithmenos
Elyvilon
Fedhas
Hepliaklqana
Qazlal
Ru
Sif Muna
Trog
Xom

Shops:
D:5 :


Innate Abilities, Weirdness & Mutations

You reflexively headbutt those who attack you in melee.
You have a pair of horns on your head.


Message History

The troll bites you!
* * * LOW HITPOINT WARNING * * *
The troll barely misses you. The troll claws you!
* * * LOW HITPOINT WARNING * * *
It was a potion of curing.
You feel better. The big kobold hits you with a dagger.
* * * LOW HITPOINT WARNING * * *
The troll bites you.
* * * LOW HITPOINT WARNING * * *
The troll misses you. The troll claws you.
* * * LOW HITPOINT WARNING * * *
It was a potion of haste.
You feel yourself speed up. The big kobold closely misses you.
The troll barely misses you. You furiously retaliate!
You headbutt the troll, but do no damage.
You riposte.
You hit the troll.
You headbutt the troll, but do no damage.
The troll is lightly wounded.
The troll claws you!
You die...

#....# #.##.# ### #.##.#######..
##### #..........#.# #...#
####.#####.#.# ####...#####
#.#####.#.# #..........#
#..........
#########..........##########.###
........'...[...@K.#........#.#
##.##.###.......T..#.######.#.#
........'.........>'....###.#.###
##.##.#.#...#.....รท#.#...........
#.##.#.#...#......#.#..###.#.###
#.##...#...#...####.#..#.#.#.##.
#.###..................#.#.#.#..
#.# #..######.#..........#.#.#..
#.# ##.## #.##.#.....#.#.#.#..


You could see a troll and a big kobold.

Vanquished Creatures
  A steam dragon (D:6)
  A sky beast (D:5)
  2 orc warriors (D:6)
  An ogre (D:6)
  A water moccasin zombie (D:5)
  A howler monkey (D:6)
  2 crimson imps (D:6)
  2 orc wizards
  A hound (D:6)
  2 jellies (D:5)
  2 iguanas
  4 worker ants
  2 hound zombies
  A hound skeleton (D:6)
  A worker ant zombie (D:5)
  4 adders
  A shadow imp (D:5)
  2 oozes
  3 worms
  A dart slug (D:2)
  5 leopard geckos
  14 orcs
  5 giant cockroaches
  6 goblins
  8 hobgoblins
  4 jackals (D:5)
  12 kobolds
  2 quokkas
  A ball python (D:2)
  15 bats
  5 frilled lizards
  3 rats
  A fungus (D:6)
116 creatures vanquished.

Vanquished Creatures (others)
  A kobold (D:7)
1 creature vanquished.

Grand Total: 117 creatures vanquished

Notes
Turn   | Place    | Note
-------+----------+-------------------------------------------
     0 | D:1      | slep the Minotaur Gladiator began the quest for the Orb.
     0 | D:1      | Reached XP level 1. HP: 18/18 MP: 0/0
    62 | D:1      | Reached skill level 4 in Long Blades
    62 | D:1      | Reached XP level 2. HP: 15/25 MP: 1/1
   708 | D:2      | Reached XP level 3. HP: 27/30 MP: 2/2
   963 | D:2      | Reached skill level 1 in Armour
  1060 | D:2      | Reached XP level 4. HP: 30/37 MP: 3/3
  1396 | D:3      | Reached skill level 1 in Stealth
  1420 | D:3      | Reached skill level 5 in Long Blades
  1535 | D:3      | Found a shadowy altar of Dithmenos.
  1563 | D:3      | Found a deep blue altar of Sif Muna.
  1574 | D:3      | Found a white marble altar of Elyvilon.
  1842 | D:4      | Found a bloodstained altar of Trog.
  2106 | D:4      | Reached XP level 5. HP: 41/42 MP: 4/4
  2109 | D:4      | Found a hazy altar of Hepliaklqana.
  2662 | D:5      | Entered Level 5 of the Dungeon
  2803 | D:5      | Reached skill level 6 in Long Blades
  2893 | D:5      | Reached XP level 6. HP: 51/51 MP: 5/5
  2983 | D:5      | Noticed a sky beast
  2989 | D:5      | Killed a sky beast
  3063 | D:5      | Found Taydur's Book Shoppe.
  3101 | D:5      | Found a shimmering altar of Xom.
  3517 | D:5      | Found a bloodstained altar of Trog.
  3639 | D:6      | Found a sacrificial altar of Ru.
  3651 | D:6      | Reached skill level 7 in Long Blades
  3651 | D:6      | Reached XP level 7. HP: 57/57 MP: 6/6
  3795 | D:6      | Found Caizir's Food Emporium.
  4003 | D:6      | Found a shattered altar of Ashenzari.
  4269 | D:6      | Reached skill level 8 in Long Blades
  4269 | D:6      | Reached skill level 5 in Dodging
  4314 | D:6      | Found a blossoming altar of Fedhas.
  4314 | D:6      | Found a stormy altar of Qazlal.
  4642 | D:7      | Noticed a steam dragon
  4652 | D:6      | Reached XP level 8. HP: 33/66 MP: 7/7
  4810 | D:7      | Noticed a troll
  4886 | D:6      | Slain by a troll

Vault maps used:
D:1:      dpeg_arrival_fog, serial_bayou_pond_b
D:3:      nicolae_overflow_hidden_temple, elyvilon_altar_5, lemuel_crystal_altar
D:4:      lemuel_doored_altar, bloody_trog
D:5:      kennysheep_little_box, nicolae_overflow_crystal_walls, serial_shops,
          shop, first_ration
D:6:      grunt_temple_overflow_forces_of_nature, hangedman_ru_absence,
          kennysheep_mini_moat, serial_shops, nicolae_shop_crystal,
          kennysheep_nondescript, minmay_gold_behind_fungi
D:7:      temple_statues, the_bakery, nicolae_elemental_shop, uniq_menkaure

Skill      XL: |  1  2  3  4  5  6  7 |
---------------+----------------------+-----
Long Blades    | 4 5 6 7 8 |  8.7
Armour         | 1 2 3 4 |  4.3
Dodging        | 4 5 |  5.3
Stealth        | 1 2 |  2.1
Fighting       | 3 4 |  4.5
Throwing       | |  2.4

Action                   |  1- 3 |  4- 6 |  7- 9 || total
-------------------------+-------+-------+-------++-------
Melee: Long sword        |    65 |   113 |    62 ||   240
       Headbutt          |     9 |    25 |    23 ||    57
Throw: Tomahawk          |       |     3 |       ||     3
       Throwing net      |       |       |     1 ||     1
  Use: Potion            |       |       |     2 ||     2
 Stab: Sleeping          |     2 |     2 |       ||     4
       Held in net/web   |       |       |     2 ||     2
  Eat: Chunk             |     7 |    13 |     4 ||    24
Armor: Leather armour    |    20 |    23 |     7 ||    50
Dodge: Dodged            |    39 |    90 |    78 ||   207
       Rpst.: Long sword |    13 |    25 |    20 ||    58

Table legend:
 A = Spawn XP
 B = Non-spawn XP
 C = Spawn XP percentage of total XP
 D = Spawn monster count
 E = Non-spawn monster count
 F = Spawn count percentage of total count
 G = Total turns spent on level
                    A         B        C        D         E        F      G
               +---------+---------+-------+---------+---------+-------+---------
         Total |       0 |    1649 |   0.0 |       0 |     115 |   0.0 |  4886
               +---------+---------+-------+---------+---------+-------+---------
           D:1 |       0 |      36 |   0.0 |       0 |      22 |   0.0 |   649
           D:2 |       0 |      69 |   0.0 |       0 |      22 |   0.0 |   739
           D:3 |       0 |      81 |   0.0 |       0 |      20 |   0.0 |   448
           D:4 |       0 |      14 |   0.0 |       0 |       4 |   0.0 |   826
           D:5 |       0 |     513 |   0.0 |       0 |      26 |   0.0 |   974
           D:6 |       0 |     865 |   0.0 |       0 |      16 |   0.0 |  1231
           D:7 |       0 |      71 |   0.0 |       0 |       5 |   0.0 |    19
               +---------+---------+-------+---------+---------+-------+---------
